cohdb
Replays
Latest Replays
All Replays
Popular Replays
Top Player Replays
Match Explorer
How It Works
Community
CoH3 Stats
Reddit
Sign in to upload your games and track your stats! →
Sign in with Steam
Match 42926023
Unlisted
Match 42926023
Overview
Messages
Build Orders
End
Kradschützen Motorcycle Team
Panzerpioneer Squad
Selects Panzerjäger Kommand Battlegroup
Selects Mine Fields
250 Light Carrier
Construct Light Support Kompanie
Assault Grenadier Squad
Selects Tank Busters
Combat Half-tracks
Assault Grenadier Squad
Fire Support Elements
Flakvierling Half-track
Vehicle Survival Package
Panzerjäger Mechanized Group
Selects Crew Shock Tactics
2.5-tonne Medical Truck
Panzerjäger Squad
Selects Defensive Positions
Construct Panzerarmee Kommand
Panzerpioneer Squad
Panzergrenadier Squad
Selects Butterfly Bomb Drop
Walking Stuka Rocket Launcher
Armored Reserves
Butterfly Bomb Drop
Selects Anti-tank Overwatch
Flak 36 Anti-tank Gun Team
Tiger Heavy Tank
Flak 36 Anti-tank Gun Team
Panzergrenadier Squad
Panzergrenadier Squad
A. Black [29th ID]
Alec_i7
Bran
DrewP
0
0
Comments
sign in to comment!
No comments posted yet!